Map: Dreamcatcher LE

Players

DnS - Winner!

  • Race: Protoss Protoss
  • Spawn Location: 11:00

RiSky

  • Race: Zerg Zerg
  • Spawn Location: 5:00

Event: WCS Valencia 2018

VOD

Have the link to the VOD?

Description

Time

  • Played on: July 12, 2018, 8:10 a.m.
  • Length: 11:18

All games in this series

Show
View Real Time Build Order
Export as new Build Order

DnS Protoss - Winner!

Build Orders: 1 Gate Expand, Oracle Opening, Phoenix Opening, Chargelot Immortal, Mass Phoenix 

Get SALT Encoding   

  12  0:00  Probe  
  13  0:12  Probe  
  14  0:18  Pylon  
  14  0:24  Probe  
  15  0:32  Probe  
  15  0:37  Gateway  
  15  0:40  Probe  
  16  0:46  Assimilator  
  17  0:51  Probe  
  18  1:03  Probe  
  19  1:15  Probe  
  20  1:23  Nexus  
  20  1:33  Cybernetics Core  
  20  1:36  Probe  
  21  1:41  Assimilator  
  21  1:49  Probe  
  22  1:54  Pylon  
  22  2:01  Probe  
  22  2:03  Adept  
  23  2:09  Probe  
  26  2:17  Probe  
  26  2:20  Stargate  
  27  2:28  Probe  
  27  2:29  Adept  
  28  2:31  Probe  
  31  2:37  Warp Gate  
  31  2:40  Probe x2  
  33  2:51  Probe  
  33  2:52  Probe  
  35  2:59  Phoenix  
  35  3:03  Probe  
  35  3:04  Probe  
  39  3:07  Pylon  
  39  3:15  Probe  
  39  3:16  Probe, Assimilator  
  39  3:18  Assimilator  
  39  3:19  Oracle  
  44  3:27  Probe  
  44  3:28  Probe  
  44  3:31  Pylon  
  46  3:39  Probe  
  46  3:40  Probe  
  48  3:48  Stargate, Phoenix  
  48  3:52  Probe  
  48  3:53  Probe  
  48  3:54  Pylon  
  50  4:02  Adept  
  54  4:04  Probe  
  54  4:05  Probe  
  56  4:15  Phoenix  
  56  4:16  Probe  
  56  4:17  Probe, Pylon  
  60  4:26  Gateway  
  60  4:27  Phoenix  
  62  4:40  Phoenix  
  62  4:44  Zealot  
  66  4:49  Phoenix  
  68  4:54  Pylon  
  68  5:03  Nexus, Phoenix  
  70  5:07  Phoenix  
  70  5:10  Pylon  
  70  5:14  Pylon  
  70  5:20  Phoenix  
  72  5:29  Robotics Facility  
  72  5:32  Robotics Facility  
  74  5:36  Shield Battery, Probe  
  74  5:38  Probe  
  76  5:45  Phoenix  
  78  5:54  Zealot x2  
  82  5:57  Phoenix  
  84  6:06  Shield Battery, Probe  
  84  6:09  Pylon  
  85  6:14  Phoenix  
  85  6:15  Probe  
  88  6:19  Zealot  
  88  6:22  Phoenix  
  88  6:24  Probe x2  
  94  6:29  Immortal, Probe  
  94  6:31  Immortal  
  95  6:36  Probe x2  
  101  6:43  Probe  
  104  6:48  Probe x2  
  104  6:55  Probe  
  104  7:00  Probe  
  104  7:03  Probe  
  104  7:04  Twilight Council  
  104  7:05  Forge, Pylon  
  104  7:07  Sentry x2, Probe  
  110  7:10  Immortal  
  114  7:17  Immortal, Probe  
  114  7:21  Probe  
  115  7:33  Shield Battery  
  115  7:34  Shield Battery  
  115  7:35  Protoss Ground Weapons Level 1, Charge  
  115  7:39  Probe x2  
  115  7:40  Probe  
  115  7:44  Immortal  
  120  7:51  Probe x2  
  120  7:52  Assimilator  
  120  7:53  Assimilator  
  120  7:54  Immortal  
  126  7:59  Probe  
  126  8:02  Pylon  
  126  8:03  Pylon  
  123  8:17  Probe x2  
  125  8:23  Immortal  
  125  8:24  Gateway x2, Probe  
  130  8:28  Gateway  
  130  8:29  Gateway  
  130  8:33  Templar Archives  
  130  8:34  Gateway  
  130  8:37  Pylon  
  130  8:38  Immortal  
  134  8:45  Gateway  
  134  8:50  Psionic Storm, Pylon  
  134  8:52  Zealot x2  
  138  9:02  Immortal  
  142  9:15  High Templar x2  
  146  9:21  Nexus  
  146  9:24  Pylon  
  146  9:26  Zealot x2  
  146  9:27  Zealot  
  146  9:29  Pylon  
  152  9:34  High Templar  
  154  9:39  Observer  
  154  9:41  Pylon  
  154  9:42  Probe x3  
  154  9:43  Pylon  
  154  9:45  Pylon  
  158  9:46  Photon Cannon, Observer  
  159  9:54  Probe  
  159  9:55  High Templar x2  
  159  9:56  High Templar  
  166  10:02  High Templar  
  166  10:03  Photon Cannon  
  166  10:04  Photon Cannon, Probe x2  
  166  10:06  Probe  
  169  10:07  Photon Cannon  
  158  10:16  Probe x2  
  158  10:18  Probe  
  159  10:25  Zealot x4  
  159  10:28  Immortal  
  168  10:32  Assimilator x2  
  158  10:49  Zealot x8  
  168  11:11  Zealot x3  
  168  11:12  Zealot x5  
Show
View Real Time Build Order
Export as new Build Order

RiSky Zerg 

Build Orders: Hatch First, Roach Hydra 

Get SALT Encoding   

  12  0:00  Drone  
  13  0:08  Drone  
  14  0:16  Overlord  
  14  0:34  Drone  
  15  0:45  Hatchery  
  15  0:47  Drone  
  15  0:51  Drone  
  15  0:55  Drone  
  17  0:58  Drone  
  18  1:08  Extractor  
  17  1:14  Spawning Pool  
  17  1:17  Drone  
  17  1:20  Drone  
  18  1:30  Drone  
  19  1:41  Drone  
  20  1:51  Overlord  
  20  1:57  Drone  
  20  2:00  Queen x2  
  25  2:02  Zergling x2  
  26  2:09  Metabolic Boost  
  26  2:10  Drone  
  26  2:13  Drone  
  28  2:19  Drone  
  29  2:26  Drone  
  30  2:30  Drone  
  31  2:40  Hatchery  
  31  2:42  Overlord  
  30  2:45  Drone  
  30  2:47  Zergling x2  
  32  2:52  Queen  
  34  2:58  Drone  
  34  2:59  Drone  
  34  3:04  Drone  
  37  3:12  Drone x3  
  40  3:13  Drone  
  40  3:15  Drone x2  
  40  3:16  Overlord  
  43  3:20  Drone  
  44  3:28  Spore Crawler  
  44  3:29  Drone  
  44  3:32  Overlord  
  44  3:37  Drone  
  44  3:38  Lair  
  45  3:42  Drone  
  45  3:44  Drone  
  45  3:48  Roach Warren  
  45  3:50  Drone x2  
  45  3:51  Drone  
  45  3:52  Extractor  
  45  3:55  Spore Crawler, Drone  
  46  3:57  Drone  
  46  3:59  Extractor  
  46  4:02  Drone  
  48  4:03  Overlord  
  48  4:04  Drone x2  
  48  4:08  Drone x2  
  52  4:11  Spore Crawler  
  52  4:15  Drone  
  52  4:17  Overlord  
  52  4:19  Drone  
  53  4:27  Drone x2  
  53  4:29  Overlord  
  55  4:32  Drone x3  
  55  4:36  Overlord  
  57  4:39  Drone  
  57  4:41  Drone  
  57  4:44  Glial Reconstitution  
  59  4:46  Drone x2  
  59  4:47  Hydralisk Den  
  59  4:48  Overlord  
  59  4:52  Drone x2  
  62  4:55  Drone  
  62  4:57  Overlord  
  62  4:59  Roach  
  65  5:03  Roach x2  
  65  5:05  Roach  
  70  5:11  Roach x4  
  78  5:15  Roach  
  78  5:16  Roach  
  82  5:24  Muscular Augments  
  82  5:25  Roach x2  
  86  5:29  Overlord, Zergling x4  
  86  5:30  Zergling x4  
  86  5:31  Extractor  
  86  5:32  Drone  
  90  5:39  Queen x2  
  94  5:47  Overlord  
  94  5:51  Overlord  
  94  5:57  Overlord  
  92  6:02  Overlord  
  90  6:09  Overlord  
  90  6:10  Overlord x3  
  90  6:15  Overlord, Queen  
  90  6:22  Drone x9  
  93  6:27  Extractor  
  93  6:31  Hatchery  
  91  6:33  Drone  
  91  6:34  Drone x2  
  91  6:35  Extractor  
  91  6:40  Evolution Chamber  
  91  6:41  Queen x2  
  91  6:45  Overlord  
  93  6:47  Drone  
  93  6:51  Queen  
  93  6:52  Hydralisk  
  93  6:55  Hydralisk x3  
  93  6:56  Hydralisk x2  
  93  6:59  Hydralisk  
  103  7:04  Spore Crawler  
  103  7:05  Hydralisk x2  
  103  7:08  Zerg Missile Weapons Level 1, Hydralisk  
  106  7:11  Spore Crawler  
  104  7:18  Hydralisk  
  104  7:19  Hydralisk  
  104  7:24  Hydralisk  
  104  7:26  Hydralisk  
  104  7:27  Hydralisk  
  104  7:28  Queen x2  
  98  7:35  Hydralisk x2  
  96  7:38  Hydralisk  
  96  7:39  Hydralisk x2  
  96  7:43  Hydralisk  
  102  7:48  Hydralisk x3  
  108  7:52  Hydralisk  
  108  7:57  Hydralisk x3  
  116  8:03  Hydralisk x2  
  120  8:08  Hydralisk x2  
  110  8:16  Hydralisk x2  
  104  8:24  Zergling x8  
  104  8:25  Zergling x8  
  112  8:28  Hydralisk  
  112  8:29  Hydralisk  
  116  8:36  Overlord  
  116  8:39  Hydralisk x2  
  120  8:45  Grooved Spines  
  120  8:48  Overlord  
  120  8:59  Hydralisk  
  120  9:04  Overlord  
  120  9:05  Overlord x3  
  120  9:07  Overlord  
  120  9:23  Hydralisk  
  120  9:24  Hydralisk x7  
  121  9:28  Hydralisk  
  136  9:32  Hydralisk x2  
  136  9:35  Hydralisk  
  142  9:44  Hydralisk x3  
  148  9:47  Hydralisk  
  150  9:54  Hydralisk x2  
  150  9:57  Hydralisk  
  156  10:00  Hydralisk  
  157  10:07  Hydralisk  
  157  10:09  Overlord  
  154  10:15  Overlord  
  154  10:17  Overseer x2  
  154  10:18  Hydralisk x3  
  151  10:24  Zergling x6  
  151  10:25  Zergling x4  
  151  10:26  Hydralisk  
  145  10:38  Hydralisk x4  
  140  10:46  Roach  
  140  10:47  Roach x3  
  140  10:49  Roach  
  143  10:50  Overseer  
Tags
 
Add a new tag
Caveats
  • Supply blocks, unpowered buildings, or Contaminate may cause inaccurate times.
  • Supply counts are checked every 10 seconds.